 Dungeon Crawl Stone Soup version 0.19.1 (console) character file.

8673 Morrissey the Carver (level 11, -5/86 HPs)
             Began as a Demonspawn Gladiator on Dec 21, 2016.
             Was a High Priest of Trog.
             Slain by humperndinck's ghost (17 damage)
             ... on level 12 of the Dungeon.
             The game lasted 00:22:37 (9872 turns).

Morrissey the Carver (Demonspawn Gladiator)         Turns: 9872, Time: 00:22:37

Health: -5/86      AC:  9    Str: 22    XL:     11   Next: 13%
Magic:  11/11      EV: 16    Int: 10    God:    Trog [*****.]
Gold:   764        SH:  0    Dex: 14    Spells: 0 memorised, 10 levels left

rFire  . . .     SeeInvis .     a - +0 scimitar
rCold  + . .     Gourm    .     X - +0 troll leather armour
rNeg   . . .     Faith    .     (no shield)
rPois  .         Spirit   .     (helmet restricted)
rElec  .         Reflect  .     (no cloak)
rCorr  .         Harm     .     q - +0 pair of gloves
MR     .....                    (no boots)
Stlth  +++.......               C - amulet of magic regeneration
                                Q - +4 ring of strength
                                s - +4 ring of protection

@: lethally poisoned (-5 -> -63), exhausted, slowed, very slow
A: antennae 1, claws 2, hooves 1, cold resistance 1, nightstalker 2
a: Berserk, Trog's Hand, Brothers in Arms, Burn Spellbooks, Renounce Religion


You were on level 12 of the Dungeon.
You worshipped Trog.
Trog was extremely pleased with you.
You were not hungry.

You visited 1 branch of the dungeon, and saw 12 of its levels.

You collected 794 gold pieces.
You spent 30 gold pieces at shops.

Inventory:

Hand Weapons
 a - a +0 scimitar (weapon)
Missiles
 d - 7 throwing nets (quivered)
Armour
 q - a +0 pair of gloves (worn)
 U - a +0 shield
 X - a +0 troll leather armour (worn)
Jewellery
 b - a +4 ring of strength
 c - an uncursed ring of stealth
 s - a +4 ring of protection (left hand)
 C - an amulet of magic regeneration (around neck)
 Q - a +4 ring of strength (right hand)
Wands
 r - a wand of slowing (17/48)
 u - a wand of iceblast (7/15)
 y - a wand of polymorph (17/24)
 J - a wand of flame (17/48)
 N - a wand of lightning (3/15)
 O - a wand of teleportation (3/9)
 R - a wand of acid (6/15)
Scrolls
 g - a scroll of blinking {unknown}
 h - 5 scrolls of enchant weapon {unknown}
 i - 2 scrolls of immolation {unknown}
 j - 2 scrolls of fear {unknown}
 k - a scroll of amnesia {unknown}
 o - 11 scrolls of remove curse
 p - a scroll of magic mapping {unknown}
 t - 3 scrolls of noise
 x - a scroll of recharging {unknown}
 D - 2 scrolls of teleportation {unknown}
 E - 2 scrolls of fog {unknown}
 F - 3 scrolls of random uselessness {unknown}
 H - 3 scrolls of torment {unknown}
 P - 2 scrolls of enchant armour {unknown}
Potions
 e - a potion of agility
 l - 2 potions of brilliance
 n - a potion of mutation {unknown}
 v - a potion of berserk rage {unknown}
 A - a potion of beneficial mutation {unknown}
 B - 2 potions of haste {unknown}
 G - a potion of flight
 K - 2 potions of ambrosia
 L - 2 potions of curing
 M - a potion of heal wounds
 S - a potion of magic
 W - a potion of invisibility {unknown}
Comestibles
 f - 8 bread rations
 m - 8 meat rations
 w - 3 slices of pizza
 z - 5 fruits
 I - 7 beef jerkies
 V - 9 chunks of flesh


   Skills:
 - Level 8.0 Fighting
 * Level 12.7 Long Blades
 - Level 1.7 Throwing
 * Level 0.0 Armour
 - Level 7.0 Dodging


You had 10 spell levels left.
You didn't know any spells.

Dungeon Overview and Level Annotations

Branches:
Dungeon (12/15)            Temple (0/1) D:5            Lair (0/6) D:11
    Orc (0/2) D:9

Altars:
Ashenzari
Cheibriados
Gozag
Hepliaklqana
Qazlal
Ru
Trog
Xom
Yredelemnul
The Shining One
Beogh

Shops:
D:5 *   D:8 ?*((   D:9 (

Annotations:
D:2 Robin
D:12 humperndinck's ghost, journeyman DsBe


Innate Abilities, Weirdness & Mutations

You have a pair of small antennae on your head.
You have very sharp fingernails.
You have large cloven feet.
Your flesh is cold resistant. (rC+)
You are significantly more attuned to the shadows.


Message History

You closely miss humperndinck's ghost. Your kick misses humperndinck's ghost.
Humperndinck's ghost is heavily damaged.
* * * LOW HITPOINT WARNING * * *
You feel very sick. Humperndinck's ghost hits you.
* * * LOW HITPOINT WARNING * * *
You are more poisoned.
You barely miss humperndinck's ghost. Your kick misses humperndinck's ghost.
Humperndinck's ghost is heavily damaged.
* * * LOW HITPOINT WARNING * * *
You feel very sick.
You miss humperndinck's ghost.
Humperndinck's ghost is heavily damaged.
You are no longer berserk.
You are exhausted.
You feel yourself slow down.
* * * LOW HITPOINT WARNING * * *
You feel very sick. Humperndinck's ghost hits you!
You die...

### ....
.####### ....
.....<.##....
######.#..#
#....#
....#.@#
..#####.W..#
# ###...#
...≈ ♣.. ..


You could see humperndinck's ghost.

Vanquished Creatures
  The ghost of Morrissey the Carver, a novice DsGl of Okawaru (D:9)
  An ugly thing (D:11)
  The ghost of Schimscham the Poker, a novice NaBe of Trog (D:5)
  Joseph (D:7)
  A troll (D:11)
  A hippogriff (D:7)
  Grinder (D:5)
  Prince Ribbit (D:8)
  Sigmund (D:5)
  A wraith (D:11)
  4 yaks (D:9)
  A wyvern (D:10)
  Menkaure (D:5)
  Edmund (D:4)
  A water moccasin (D:7)
  6 orc warriors
  4 ice beasts
  2 phantoms (D:9)
  A black bear (D:9)
  A sky beast (D:10)
  3 centaurs
  9 ogres
  A big kobold (D:7)
  5 bullfrogs
  A gnoll sergeant (D:10)
  5 scorpions
  5 howler monkeys
  3 crimson imps
  A quasit (D:8)
  3 hounds
  2 bullfrog skeletons
  A jelly (D:5)
  14 orc priests
  2 centaur skeletons
  3 iguanas
  8 orc wizards
  5 worker ants
  A hound skeleton (D:7)
  A worker ant zombie (D:8)
  15 gnolls
  A howler monkey skeleton (D:4)
  11 adders
  A river rat (D:5)
  3 shadow imps
  An ooze (D:2)
  An adder zombie (D:9)
  An adder skeleton (D:9)
  5 worms
  3 dart slugs
  56 orcs
  2 ball pythons (D:5)
  5 giant cockroaches
  6 hobgoblins
  8 jackals
  13 kobolds
  5 quokkas
  8 bats
  3 frilled lizards
  6 goblins
  A jackal zombie (D:7)
  3 rats
263 creatures vanquished.

Notes
Turn   | Place    | Note
-------+----------+-------------------------------------------
     0 | D:1      | Morrissey the Demonspawn Gladiator began the quest for the Orb.
     0 | D:1      | Reached XP level 1. HP: 16/16 MP: 1/1
    42 | D:1      | Reached skill level 3 in Long Blades
    62 | D:1      | Gained mutation: You are slightly more attuned to the shadows. [demonic ancestry]
    62 | D:1      | Reached XP level 2. HP: 21/22 MP: 2/2
   321 | D:1      | Gained mutation: You have a pair of small antennae on your head. [demonic ancestry]
   321 | D:1      | Reached XP level 3. HP: 19/28 MP: 3/3
   803 | D:2      | Found a bloodstained altar of Trog.
   805 | D:2      | Found a basalt altar of Yredelemnul.
   832 | D:2      | Became a worshipper of Trog the Wrathful
   977 | D:2      | Found a glowing golden altar of the Shining One.
  1003 | D:2      | Found a shattered altar of Ashenzari.
  1037 | D:2      | Noticed Robin
  1487 | D:3      | Reached skill level 4 in Long Blades
  1506 | D:3      | Reached * piety under Trog
  1506 | D:3      | Reached XP level 4. HP: 22/34 MP: 4/4
  1948 | D:4      | Noticed an ogre
  1957 | D:4      | Killed an ogre
  1957 | D:4      | Gained mutation: You have sharp fingernails. [demonic ancestry]
  1957 | D:4      | Reached XP level 5. HP: 19/41 MP: 5/5
  2285 | D:4      | Reached skill level 5 in Long Blades
  2428 | D:4      | Noticed a phantom
  2447 | D:4      | Noticed Edmund
  2489 | D:5      | Entered Level 5 of the Dungeon
  2531 | D:5      | Found an opulent altar of Gozag.
  2563 | D:5      | Found a staircase to the Ecumenical Temple.
  2644 | D:5      | Gained mutation: You have large cloven feet. [demonic ancestry]
  2644 | D:5      | Reached XP level 6. HP: 14/48 MP: 6/6
  2645 | D:5      | HP: 1/48 [orc priest/divine providence (13)]
  3545 | D:4      | Killed Edmund
  3545 | D:4      | Reached skill level 6 in Long Blades
  3545 | D:4      | Gained mutation: You are significantly more attuned to the shadows. [demonic ancestry]
  3545 | D:4      | Reached XP level 7. HP: 45/55 MP: 7/7
  4012 | D:5      | Noticed Menkaure
  4021 | D:5      | Killed Menkaure
  4021 | D:5      | Reached skill level 5 in Fighting
  4021 | D:5      | Reached skill level 7 in Long Blades
  4255 | D:5      | Found a sacrificial altar of Ru.
  4303 | D:5      | Found a snail-covered altar of Cheibriados.
  4329 | D:5      | Reached ** piety under Trog
  4345 | D:5      | Found Uhofi's Assorted Antiques.
  4400 | D:5      | Noticed Schimscham's ghost (novice NaBe)
  4405 | D:5      | Noticed Sigmund
  4416 | D:5      | Killed Schimscham's ghost
  4416 | D:5      | Reached skill level 8 in Long Blades
  4416 | D:5      | Reached XP level 8. HP: 64/64 MP: 8/8
  4446 | D:5      | Killed Sigmund
  4586 | D:5      | Noticed Grinder
  4596 | D:5      | Paralysed by Grinder for 2 turns
  4600 | D:5      | Killed Grinder
  5102 | D:6      | Reached skill level 9 in Long Blades
  5583 | D:7      | Noticed a hippogriff
  5607 | D:7      | Killed a hippogriff
  5607 | D:7      | Gained mutation: Your flesh is cold resistant. (rC+) [demonic ancestry]
  5607 | D:7      | Reached XP level 9. HP: 54/72 MP: 9/9
  5892 | D:7      | Noticed Joseph
  5909 | D:7      | Killed Joseph
  5909 | D:7      | Reached skill level 10 in Long Blades
  6145 | D:8      | Noticed Prince Ribbit
  6164 | D:8      | Killed Prince Ribbit
  6164 | D:8      | Reached *** piety under Trog
  6272 | D:8      | Found a shimmering altar of Xom.
  6302 | D:8      | Found a shimmering altar of Xom.
  6457 | D:8      | Found a roughly hewn altar of Beogh.
  6674 | D:8      | Found a hazy altar of Hepliaklqana.
  6695 | D:8      | Found Leuzuwoi's Weapon Shoppe.
  6727 | D:8      | Found Oniedd's Magic Scroll Boutique.
  6739 | D:8      | Bought a scroll of identify for 30 gold pieces
  6875 | D:8      | Found Cown's Assorted Antiques.
  6879 | D:8      | Found Onoc's Antique Weapon Emporium.
  6930 | D:8      | Noticed a yaktaur
  7057 | D:9      | Found a stormy altar of Qazlal.
  7178 | D:9      | Reached skill level 11 in Long Blades
  7180 | D:9      | Noticed Morrissey's ghost (novice DsGl)
  7186 | D:9      | Reached **** piety under Trog
  7194 | D:9      | Gained mutation: You have very sharp fingernails. [demonic ancestry]
  7194 | D:9      | Reached XP level 10. HP: 51/80 MP: 10/10
  7215 | D:9      | Killed Morrissey's ghost
  7215 | D:9      | Reached skill level 5 in Dodging
  7544 | D:9      | Found a staircase to the Orcish Mines.
  8051 | D:9      | Found Ylad's Antique Weapon Emporium.
  8243 | D:10     | Entered Level 10 of the Dungeon
  8343 | D:10     | Reached skill level 12 in Long Blades
  8452 | D:10     | Reached ***** piety under Trog
  8476 | D:10     | Received a gift from Trog
  9088 | D:11     | Found a staircase to the Lair.
  9304 | D:11     | Reached XP level 11. HP: 80/86 MP: 11/11
  9309 | D:11     | Noticed a red ugly thing
  9330 | D:11     | Killed a red ugly thing
  9850 | D:12     | Noticed humperndinck's ghost (journeyman DsBe)
  9872 | D:12     | Slain by humperndinck's ghost

Skill      XL: |  1  2  3  4  5  6  7  8  9 10 11 |
---------------+----------------------------------+-----
Long Blades    | 3 4 5 6 8 9 11 12 | 12.7
Fighting       | 3 4 5 7 8 |  8.0
Dodging        | 4 6 7 |  7.0
Throwing       | |  1.7

Action                   |  1- 3 |  4- 6 |  7- 9 | 10-12 || total
-------------------------+-------+-------+-------+-------++-------
Melee: Long sword        |   120 |   123 |   191 |       ||   434
       Kick              |       |    18 |   142 |   133 ||   293
       Scimitar          |       |       |   189 |   365 ||   554
Invok: Burn Spellbooks   |     1 |       |     2 |     2 ||     5
       Berserk           |       |     3 |     7 |     4 ||    14
       Trog's Hand       |       |       |     1 |       ||     1
Evoke: Wand              |       |       |       |     1 ||     1
  Use: Potion            |       |     2 |     2 |       ||     4
       Scroll            |       |       |     8 |     2 ||    10
 Stab: Sleeping          |     8 |     8 |    14 |     7 ||    37
       Distracted        |       |       |     1 |     2 ||     3
  Eat: Chunk             |     2 |     8 |    21 |    12 ||    43
Armor: Leather armour    |    59 |     4 |       |       ||    63
       Ring mail         |       |    33 |   115 |    78 ||   226
       Skin              |       |       |     7 |       ||     7
       Troll leather arm |       |       |       |     6 ||     6
Dodge: Dodged            |    97 |    47 |   197 |   186 ||   527
       Rpst.: Long sword |    35 |    17 |    27 |       ||    79
       Scimitar          |       |       |    30 |    51 ||    81
